 Dungeon Crawl Stone Soup version 0.24-a0-459-g225fefd (webtiles) character file.

Game seed: 3921356804281073612

765 relicbr the Cleaver (level 7, 0/56 HPs)
             Began as a Minotaur Gladiator on June 30, 2019.
             Was a Follower of Okawaru.
             Slain by a quokka (1 damage)
             ... on level 5 of the Dungeon.
             The game lasted 00:09:01 (3346 turns).

relicbr the Cleaver (Minotaur Gladiator)            Turns: 3346, Time: 00:09:02

Health: 0/56       AC: -11   Str: 19    XL:     7   Next: 52%
Magic:  6/6        EV: 28    Int:  5    God:    Okawaru [*.....]
Gold:   188        SH:  0    Dex: 13    Spells: 6/6 levels left

rFire    . . .     SeeInvis .   b - +2 hand axe (venom)
rCold    . . .     Gourm    .   (no shield)
rNeg     . . .     Faith    .   s - +2 leather armour {rPois}
rPois    +         Spirit   .   c - +0 hat
rElec    .         Reflect  .   (no cloak)
rCorr    .         Harm     .   (no gloves)
MR       .....                  (no boots)
Stlth    +.........             h - amulet of the acrobat
HPRegen  0.18/turn              (no ring)
MPRegen  0.10/turn              (no ring)

@: corroded, acrobat
A: retaliatory headbutt, horns 2
a: Heroism, Renounce Religion


You were on level 5 of the Dungeon.
You worshipped Okawaru.
Okawaru was aware of your devotion.
You were not hungry.

You visited 1 branch of the dungeon, and saw 5 of its levels.

You collected 188 gold pieces.

Inventory:

Hand Weapons
 a - a +1 war axe
 b - a +2 hand axe of venom (weapon)
Missiles
 e - 5 boomerangs (quivered)
 w - a throwing net
Armour
 c - a +0 hat (worn)
 s - a +2 leather armour of poison resistance (worn)
Jewellery
 h - an amulet of the acrobat (around neck)
Wands
 g - a wand of disintegration (13)
Scrolls
 i - a scroll of amnesia
 j - 2 scrolls of enchant armour
 k - 2 scrolls of remove curse
 m - a scroll of magic mapping
 n - 3 scrolls of identify
 p - 2 scrolls of fear {unknown}
 v - 2 scrolls of fog {unknown}
 x - a scroll of immolation {unknown}
Potions
 l - 4 potions of heal wounds
 o - a potion of might
 q - a potion of degeneration {unknown}
 r - 2 potions of lignification {unknown}
 t - a potion of haste {unknown}
 u - a potion of curing {unknown}
Comestibles
 d - 12 chunks of flesh
 f - 6 rations


   Skills:
 - Level 2.4 Fighting
 * Level 10.6 Axes
 - Level 2.0 Throwing
 - Level 3.2 Dodging


You had 6 spell levels left.
You didn't know any spells.
Your spell library was empty.

Dungeon Overview and Level Annotations

Branches:
Dungeon (5/15)
 Temple: D:4-7

Altars:
Ashenzari
Elyvilon
Okawaru
Vehumet


Innate Abilities, Weirdness & Mutations

You reflexively headbutt those who attack you in melee.
You have a pair of horns on your head.


Message History

You hit the jelly but do no damage. The acid corrodes you!
Your hands burn!
The jelly is heavily wounded.
You hit the jelly but do no damage. The acid corrodes you!
Your hands burn!
* * * LOW HITPOINT WARNING * * *
You headbutt the jelly, but do no damage.
The jelly is heavily wounded.
The jelly closely misses you.
You hit the jelly but do no damage. The acid corrodes you!
Your hands burn!
* * * LOW HITPOINT WARNING * * *
The jelly is heavily wounded.
The jelly closely misses you.
You hit the jelly.
The jelly is poisoned.
Your hands burn!
* * * LOW HITPOINT WARNING * * *
You headbutt the jelly.
You kill the jelly!
Okawaru accepts your kill. The quokka bites you.
* * * LOW HITPOINT WARNING * * *
The quokka bites you.
You die...

...# ..## ###. ...#
#... #..#####..#
#†.......## #.#
#.....###<
#.###...#?[.c.
######.r...#....#..
........@..((.......
........###...###...
.#####..# #)####...
###.####......#
#....##...##.##
#....#...###.
#....(..###. ######
#..).##.##.. #.....
#....##)##.# #.<...


You could see a quokka.

Vanquished Creatures
  3 ogres (D:4)
  A centaur (D:5)
  A crimson imp (D:5)
  A hound (D:4)
  An orc priest (D:5)
  2 jellies (D:5)
  Ijyb (D:3)
  An iguana (D:4)
  2 orc wizards (D:5)
  A worker ant (D:4)
  A hound skeleton (D:4)
  3 adders
  A howler monkey skeleton (D:4)
  5 worms
  2 dart slugs
  4 leopard geckos
  6 orcs
  11 bats
  3 giant cockroaches
  6 goblins
  11 hobgoblins
  2 jackals (D:3)
  10 kobolds
  4 quokkas
  4 frilled lizards
  A leopard gecko zombie (D:2)
  A rat (D:2)
89 creatures vanquished.

Notes
Turn   | Place    | Note
-------+----------+-------------------------------------------
     0 | D:1      | relicbr the Minotaur Gladiator began the quest for the Orb.
     0 | D:1      | Reached XP level 1. HP: 18/18 MP: 0/0
   153 | D:1      | Reached skill level 4 in Axes
   271 | D:1      | Reached XP level 2. HP: 25/25 MP: 1/1
   608 | D:1      | Found a radiant altar of Vehumet.
   623 | D:2      | Reached skill level 5 in Axes
   628 | D:2      | Reached XP level 3. HP: 26/30 MP: 2/2
  1376 | D:3      | Noticed Ijyb
  1391 | D:3      | Killed Ijyb
  1391 | D:3      | Reached skill level 6 in Axes
  1391 | D:3      | Reached XP level 4. HP: 24/37 MP: 3/3
  1704 | D:3      | Found a white marble altar of Elyvilon.
  1704 | D:3      | Found a shattered altar of Ashenzari.
  2479 | D:4      | Reached skill level 7 in Axes
  2479 | D:4      | Reached XP level 5. HP: 42/42 MP: 4/4
  2511 | D:4      | Noticed an ogre
  2520 | D:4      | Killed an ogre
  2571 | D:4      | Reached skill level 8 in Axes
  2583 | D:4      | Noticed an ogre
  2788 | D:4      | Killed an ogre
  2788 | D:4      | Reached XP level 6. HP: 50/50 MP: 5/5
  3068 | D:4      | Found an iron altar of Okawaru.
  3078 | D:4      | Became a worshipper of Warmaster Okawaru
  3160 | D:4      | Reached skill level 9 in Axes
  3236 | D:5      | Entered Level 5 of the Dungeon
  3267 | D:5      | Reached XP level 7. HP: 47/56 MP: 6/6
  3297 | D:5      | Reached skill level 10 in Axes
  3331 | D:5      | Reached * piety under Okawaru
  3346 | D:5      | HP: 1/56 [quokka (5)]
  3346 | D:5      | Slain by a quokka

Levels and vault maps discovered:
D:1:      dpeg_arrival_lava_altar, layout_basic, minmay_liquid_box
D:2:      layout_basic
D:3:      layout_basic, gammafunk_temple_overflow_wave, first_ration, uniq_ijyb
D:4:      layout_gridville, okawaru_gym_becter
D:5:      layout_rooms, serial_shops, shop_fountains

Skill      XL: |  1  2  3  4  5  6  7 |
---------------+----------------------+-----
Axes           | 4 5 6 7 8 9 10 | 10.6
Fighting       | |  2.4
Throwing       | |  2.0
Dodging        | |  3.2

Action                   |  1- 3 |  4- 6 |  7- 9 || total
-------------------------+-------+-------+-------++-------
Melee: War axe           |    90 |    67 |       ||   157
       Headbutt          |    16 |    15 |     7 ||    38
       Hand axe          |       |    29 |    31 ||    60
Throw: Boomerang         |    18 |    14 |       ||    32
       Throwing net      |     2 |     4 |     1 ||     7
  Use: Scroll            |     7 |       |       ||     7
 Stab: Held in net/web   |     1 |     4 |       ||     5
  Eat: Chunk             |     2 |     6 |       ||     8
Armor: Leather armour    |     4 |    17 |     5 ||    26
       Ring mail         |    21 |       |       ||    21
Dodge: Dodged            |    53 |    55 |    26 ||   134

Table legend:
 A = Non-vault XP
 B = Vault XP
 C = Vault XP percentage of total XP
 D = Non-vault monster count
 E = Vault monster count
 F = Vault count percentage of total count
                 A         B        C        D         E       F
            +---------+---------+-------+---------+---------+-------
      Total |    1058 |      36 |   3.3 |      88 |       1 |   1.1
            +---------+---------+-------+---------+---------+-------
        D:1 |      28 |       0 |   0.0 |      13 |       0 |   0.0
        D:2 |      61 |       0 |   0.0 |      32 |       0 |   0.0
        D:3 |      64 |      36 |  36.0 |      17 |       1 |   5.6
        D:4 |     524 |       0 |   0.0 |      13 |       0 |   0.0
        D:5 |     381 |       0 |   0.0 |      13 |       0 |   0.0
            +---------+---------+-------+---------+---------+-------
